 Dungeon Crawl Stone Soup version 0.31-a0-222-gefeffbb62a (webtiles) character file.

Game seed: 534841768045517449

319 Iniera the Ducker (level 6, 0/41 HPs)
             Began as a Djinni Venom Mage on July 5, 2023.
             Slain by an orc
             ... wielding a +0 morningstar
              (3 damage)
             ... on level 4 of the Dungeon.
             The game lasted 00:04:45 (3592 turns).

Iniera the Ducker (Djinni Venom Mage)               Turns: 3592, Time: 00:04:46

Health: 0/41       AC:  4    Str:  7    XL:     6   Next: 75%
Gold:   180        EV: 13    Int: 19    God:
                   SH:  0    Dex: 13

rFire   + + .        d - +0 dagger
rCold   x . .        (no shield)
rNeg    . . .        a - +0 robe
rPois   ∞            h - +1 helmet
rElec   .            (no cloak)
rCorr   .            (no gloves)
SInv    .            (boots unavailable)
Will    .....        (no amulet)
Stlth   ++           (no ring)
HPRegen 0.26/turn    (no ring)
MPRegen 0.00/turn

%: infuse magic (-1 HP)
@: flying
A: sickness immunity, fire resistance 2, cold vulnerability 1, float, innate
caster, HP casting, extra vitality 1
a: no special abilities


You were on level 4 of the Dungeon.
You visited 1 branch of the dungeon, and saw 4 of its levels.

You collected 180 gold pieces.

Inventory:

Hand Weapons
 d - a +0 dagger (weapon)
 m - a +0 long sword
Armour
 a - a +0 robe (worn)
 h - a +1 helmet (worn)
Jewellery
 j - a ring of protection from fire
 n - a +6 ring of dexterity
Wands
 l - a wand of polymorph (13)
Scrolls
 b - a scroll of immolation {unknown}
 f - 3 scrolls of teleportation
 g - 3 scrolls of identify
 i - 2 scrolls of fog
Potions
 c - 2 potions of curing
 e - a potion of might
 k - 2 potions of heal wounds


   Skills:
 + Level 0.6 Fighting
 + Level 0.5 Short Blades
 + Level 5.0 Dodging
 + Level 2.1 Stealth
 * Level 4.2 Spellcasting
 * Level 4.2 Conjurations
 * Level 4.2 Hexes
   Level 0.0 Charms
 * Level 4.2 Summonings
 * Level 4.2 Necromancy
 * Level 4.2 Translocations
 * Level 4.2 Transmutations
 * Level 4.2 Fire Magic
 * Level 4.2 Ice Magic
 * Level 4.2 Air Magic
 * Level 4.2 Earth Magic
 * Level 4.2 Poison Magic


You knew the following spells:

 Your Spells              Type           Power      Damage    Failure   Level
a - Sting                 Tmut/Pois      80%        1d7       2%          1
b - Poisonous Vapours     Pois/Air       40%        N/A       3%          2
c - Mephitic Cloud        Conj/Pois/Air  20%        N/A       7%          3
d - Olgreb's Toxic Radia  Pois           20%        N/A       22%         4
e - Sandblast             Erth           40%        2d10      2%          1
f - Ensorcelled Hibernat  Hex/Ice        40%        N/A       3%          2
Your spell library was empty.

Dungeon Overview and Level Annotations

Branches:
Dungeon (4/15)
 Temple: D:4-7

Altars:

Shops:
D:4 :[=:(


Innate Abilities, Weirdness & Mutations

You are immune to sickness and miasma.
You are immune to poison.
Your flesh is very heat resistant. (rF++)
You are vulnerable to cold. (rC-)
You float through the air rather than walking.
You learn spells naturally, not from books.
Your magical power is your life essence.
You have superior vitality. (+4 MHP)


Message History

The ball explodes into a vile cloud!
The stinking cloud engulfs you but does no damage.
The stinking cloud engulfs the kobold but does no damage.
The kobold is moderately wounded.
* * * LOW HITPOINT WARNING * * *
The kobold is engulfed in noxious fumes.
The kobold appears confused.
The kobold hits you with a +0 club.
* * * LOW HITPOINT WARNING * * *
The orc wizard is engulfed in noxious fumes.
The orc wizard appears confused.
Unknown command.
You hit the kobold.
The kobold is severely wounded.
The kobold is engulfed in noxious fumes.
The kobold appears confused.
The kobold completely misses you.
The orc wizard is engulfed in noxious fumes.
The orc wizard appears confused.
The orc wizard completely misses something.
The sky beast is engulfed in noxious fumes.
The sky beast appears confused.
You hit the kobold but do no damage.
The kobold is severely wounded.
The kobold barely misses you.
You strike the helpless kobold from behind!
You puncture the kobold!
You kill the kobold!
An orc comes into view. It is wielding a +0 morningstar.
The orc wizard is engulfed in noxious fumes.
The orc wizard appears confused.
The orc wizard laughs crazily.
The orc wizard misses you.
Something says, "I'm a little confused."
The orc wizard is engulfed in noxious fumes.
Something barely misses the orc wizard.
You see here a +0 club.
The sky beast flickers out of sight!
Deactivating autopickup; reactivate with Ctrl-A.
A hobgoblin comes into view.
The orc hits you with a +0 morningstar.
You die...

................<......#
#.................##..###
#.........#.............#
..........# ............##
..........## .#.........###
...###...... ###...........##
...#.#...## #.....#####....##
#.......# . ###..##...##....#
.#...#..# ....##@##†.{..#....###
##..#...#g.8....o.)..8..##.....#
.#.##...#.....#####.o...#.....##
#..#....##... ##...##..#.##
...##....##. ##S##...###
...#......# #†#....##
#.....##..# #.#.#...##
#..##.###.# #.#..#...#
..##...#.## #.####...#


You could see an orc wizard (confused), an orc, a hobgoblin (wandering) and a
ball python.

Vanquished Creatures
  A black bear (D:3)
  A bullfrog (D:3)
  A scorpion (D:4)
  An adder (D:4)
  4 worms
  A dart slug (D:2)
  7 orcs
  A bat (D:2)
  3 endoplasms
  6 giant cockroaches
  8 goblins
  9 hobgoblins
  2 jackals (D:4)
  5 quokkas
  3 ball pythons
  5 frilled lizards
  8 kobolds
  4 rats
70 creatures vanquished.

Notes
Turn   | Place    | Note
-------+----------+-------------------------------------------
     0 | D:1      | Iniera the Djinni Venom Mage began the quest for the Orb.
     0 | D:1      | Iniera set off with the following spells memorised: Sting,
                  | Poisonous Vapours, Mephitic Cloud, Olgreb's Toxic Radiance.
     0 | D:1      | Reached XP level 1. HP: 15/15 MP: 0/0
   180 | D:1      | Reached XP level 2. HP: 10/21 MP: 0/0
   444 | D:1      | Found a faded altar of an unknown god.
   761 | D:2      | Reached XP level 3. HP: 8/25 MP: 0/0
   761 | D:2      | Learned a level 1 spell: Sandblast
   933 | D:2      | Reached skill level 3 in Dodging
  1569 | D:2      | Reached XP level 4. HP: 24/31 MP: 0/0
  2122 | D:3      | Noticed a bullfrog
  2137 | D:3      | Killed a bullfrog
  2138 | D:3      | Reached skill level 4 in Dodging
  2138 | D:3      | Reached XP level 5. HP: 18/35 MP: 0/0
  2138 | D:3      | Learned a level 2 spell: Ensorcelled Hibernation
  2869 | D:4      | Noticed a black bear
  2869 | D:4      | Found Zoneist's Book Emporium.
  2881 | D:3      | Killed a black bear
  2882 | D:3      | Reached XP level 6. HP: 25/40 MP: 0/0
  3107 | D:4      | Reached skill level 5 in Dodging
  3187 | D:4      | Found Ageaviqi's Armour Shop.
  3355 | D:4      | Found Ubarat's Jewellery Boutique.
  3476 | D:4      | Found Sukhlioke's Book Boutique.
  3496 | D:4      | Found Naudiewy's Weapon Boutique.
  3573 | D:4      | Noticed a sky beast
  3586 | D:4      | HP: 1/41 [kobold/+0 club (3)]
  3592 | D:4      | Slain by an orc

Illustrated notes

Levels and vault maps discovered:
D:1:      dpeg_arrival_yet_another_circle, layout_basic,
          hellmonk_ecumenical_altar_heavens_door
D:2:      layout_loops_ring
D:3:      layout_basic, wad_floor_pattern_1
D:4:      minmay_octagon_keep, layout_cave_pools, serial_shops,
          nicolae_shop_gaudy_bauble, nicolae_shop_bloodbath_and_beyond,
          nicolae_book_shop_shelving, nicolae_shop_stone, shop

Skill      XL: |  1  2  3  4  5  6 |
---------------+-------------------+-----
Spellcasting   | 4 |  4.2
Conjurations   | 4 |  4.2
Hexes          | 4 |  4.2
Summonings     | 4 |  4.2
Necromancy     | 4 |  4.2
Translocations | 4 |  4.2
Transmutations | 4 |  4.2
Fire Magic     | 4 |  4.2
Ice Magic      | 4 |  4.2
Air Magic      | 4 |  4.2
Earth Magic    | 4 |  4.2
Poison Magic   | 4 |  4.2
Dodging        | 3 4 5 |  5.0
Stealth        | 2 |  2.1
Fighting       | |  0.6
Short Blades   | |  0.5

Action                     |  1- 3 |  4- 6 || total
---------------------------+-------+-------++-------
  Melee: Unarmed           |     7 |       ||     7
         Dagger            |    33 |    46 ||    79
         Punch             |       |     2 ||     2
   Cast: Sting             |    65 |    45 ||   110
         Poisonous Vapours |     1 |     6 ||     7
         Mephitic Cloud    |     1 |     6 ||     7
         Olgreb's Toxic Ra |       |     1 ||     1
    Use: Scroll            |       |     6 ||     6
   Stab: Sleeping          |     1 |       ||     1
         Confused          |       |     4 ||     4
 Armour: Robe              |     5 |    18 ||    23
  Dodge: Dodged            |    43 |    62 ||   105

Table legend: (Time is in decaauts)
 A = Elapsed time spent in this place.
 B = Non-inter-level travel time spent in this place.
 C = Inter-level travel time spent in this place.
 D = Time resting spent in this place.
 E = Time spent auto-exploring this place.
 F = Levels seen in this place.
 G = Mean time per level.
                   A        B        C        D        E       F      G
               +--------+--------+--------+--------+--------+-----+--------+
         Total |   3591 |   3530 |     61 |    633 |   2409 |   4 |  897.8 |
       Dungeon |   3591 |   3530 |     61 |    633 |   2409 |   4 |  897.8 |
               +--------+--------+--------+--------+--------+-----+--------+

Top non-repeatable levels by time:
     D:3: 1142 daAuts
     D:2: 1052 daAuts
     D:1: 747 daAuts
     D:4: 649 daAuts
